 Dungeon Crawl Stone Soup version 0.29.0-4-gdea44cf6ec (webtiles) character file.

Game seed: 10936881018769899869

4920 qw the Cleaver (level 10, 0/61 HPs)
             Began as a Gargoyle Fighter on Sept 9, 2022.
             Was a Priest of Okawaru.
             Slain by a blink frog (2 damage)
             ... on level 1 of the Lair of Beasts.
             The game lasted 00:03:51 (9298 turns).

qw the Cleaver (Gargoyle Fighter)                   Turns: 9298, Time: 00:03:51

Health: 0/61       AC: 27    Str: 24    XL:     10   Next: 51%
Magic:  13/13      EV:  8    Int:  9    God:    Okawaru [***...]
Gold:   519        SH: 17    Dex:  9    Spells: 9/9 levels left

rFire   + . .      SeeInvis +   o - +4 flail
rCold   . . .      Faith    .   s - +0 kite shield
rNeg    + . .      Spirit   .   t - +0 plate armour
rPois   inf        Reflect  +   n - +2 helmet
rElec   +          Harm     .   (no cloak)
rCorr   .          Rampage  .   (no gloves)
Will    .....                   h - +0 pair of boots
Stlth   ..........              e - amulet of reflection
HPRegen 0.20/turn               q - ring of see invisible
MPRegen 0.13/turn               c - ring of protection from fire

@: about to teleport, heroic
A: sickness immunity, AC +7, negative energy resistance 1, electricity
resistance, torment resistance 1, petrification resistance
a: Renounce Religion, Heroism


You were on level 1 of the Lair of Beasts.
You worshipped Okawaru.
Okawaru was most pleased with you.
You visited 3 branches of the dungeon, and saw 12 of its levels.

You collected 663 gold pieces.
You spent 144 gold pieces at shops.


Innate Abilities, Weirdness & Mutations

You are immune to sickness and miasma.
Your stone body is resilient. (AC +7)
You are immune to poison.
You resist negative energy. (rN+)
You are resistant to electric shocks. (rElec)
You are resistant to unholy torment.
You are immune to petrification.


   Skills:
 - Level 6.8(11.8) Fighting
 - Level 9.0(14.0) Axes
 + Level 2.7(7.7) Throwing
 - Level 6.3(11.3) Armour
 - Level 1.2(6.2) Dodging
 - Level 8.7(13.7) Shields
 - Level 4.1 Invocations


You had 9 spell levels left.
You didn't know any spells.
Your spell library was empty.

Inventory:

Hand Weapons
 o - a +4 flail (weapon)
 r - a +1 war axe
Missiles
 v - a silver javelin (quivered)
Armour
 h - a +0 pair of boots (worn)
 n - a +2 helmet (worn)
 s - a +0 kite shield (worn)
 t - a +0 plate armour (worn)
Jewellery
 c - a ring of protection from fire (right hand)
 e - an amulet of reflection (around neck)
 k - a ring of ice
 q - a ring of see invisible (left hand)
 Y - a +6 ring of dexterity
Scrolls
 f - a scroll of blinking
 j - 3 scrolls of teleportation
 m - 5 scrolls of identify
Potions
 a - 6 potions of curing
 b - a potion of attraction
 d - 3 potions of might
 g - 2 potions of haste
 i - 3 potions of lignification
 l - a potion of magic
 p - a potion of mutation
 u - a potion of resistance

Dungeon Overview and Level Annotations

Branches:
Dungeon (10/15)            Temple (1/1) D:4            Lair (1/5) D:8
    Orc: D:9-12

Altars:
Ashenzari
Cheibriados
Dithmenos
Elyvilon
Fedhas
Gozag
Kikubaaqudgha
Makhleb
Nemelex Xobeh
Okawaru
Qazlal
Ru
Sif Muna
Uskayaw
Vehumet
Wu Jian
Xom
Zin
The Shining One

Shops:
D:1 (=?(   D:4 :![

Portals:
Volcano: Lair:1

Annotations:
D:4 2 transporters, qw's ghost, novice GrFi
D:6 2 runed translucent doors, qw's ghost, novice GrFi
D:10 Amaemon


Message History

You block the blink frog's attack.
The blink frog blinks! x2
You hit the four-headed hydra.
The four-headed hydra is moderately wounded.
The blink frog blinks!
The four-headed hydra bites you but does no damage. x2
You block the four-headed hydra's attack.
The four-headed hydra bites you but does no damage.
You sock the four-headed hydra!
The four-headed hydra is heavily wounded.
The blink frog blinks!
You barely miss the four-headed hydra.
The four-headed hydra is heavily wounded.
The blink frog blinks!
The four-headed hydra bites you but does no damage. x2
You block the four-headed hydra's attack. x2
The blink frog blinks!
You sock the four-headed hydra!
The four-headed hydra is heavily wounded.
The blink frog blinks!
You block the four-headed hydra's attack.
The four-headed hydra bites you but does no damage. x2
You block the four-headed hydra's attack.
You block the blink frog's attack.
The blink frog blinks!
You barely miss the four-headed hydra.
The four-headed hydra is heavily wounded.
The blink frog hits you but does no damage.
The four-headed hydra bites you!
You block the four-headed hydra's attack.
The four-headed hydra bites you. x2; The blink frog blinks!
9297 ||| READING 4 scrolls of teleportation.
As you read the scroll of teleportation, it crumbles to dust.
You feel strangely unstable. The blink frog barely misses you.
You block the four-headed hydra's attack. x3
The four-headed hydra bites you.
The blink frog blinks!
The blink frog closely misses you.
The blink frog blinks!
You bludgeon the four-headed hydra!!
The four-headed hydra is severely wounded.
The blink frog hits you.
You die...

#...# ..##
##..# #... #..#
#... #.##
##...## #.#
....... #.#
....... ##.#
......F#####..#
#...F..D@F...#
.....###.###..#
### ### ##.#
#.# #.# #.# #..
.#


You could see a four-headed hydra and 3 blink frogs.

Vanquished Creatures
  An orange demon (D:10)
  A gargoyle (D:10)
  A komodo dragon (D:8)
  A troll (D:10)
  A shadow (D:10)
  Sigmund (D:3)
  An acid dragon (D:7)
  2 water moccasins
  4 orc warriors
  An ice beast (D:7)
  A sky beast (D:8)
  3 black bears
  3 ogres
  2 centaurs
  2 phantoms
  Blork the orc (D:6)
  A kobold brigand (D:6)
  5 bullfrogs
  6 scorpions
  A gnoll sergeant (D:8)
  3 wights (D:8)
  4 hounds
  2 jellies (D:7)
  A gnoll bouda (D:8)
  2 orc priests
  8 orc wizards
  Robin (D:3)
  16 gnolls
  6 adders
  2 white imps
  3 worms
  A dart slug (D:5)
  26 orcs
  4 bats
  6 endoplasms
  A giant cockroach (D:1)
  15 goblins
  10 hobgoblins
  6 jackals
  5 quokkas
  14 ball pythons
  4 frilled lizards
  7 kobolds
  7 rats
193 creatures vanquished.

Vanquished Creatures (others)
  An orc (D:6)
  28 fungi
  15 plants
44 creatures vanquished.

Grand Total: 237 creatures vanquished

Notes
Turn   | Place    | Note
-------+----------+-------------------------------------------
     0 | D:1      | qw the Gargoyle Fighter began the quest for the Orb.
     0 | D:1      | Reached XP level 1. HP: 14/14 MP: 1/1
     0 | D:1      | 0 ||| qw: Version: 0.1-a-113-g051387a
     0 | D:1      | 0 ||| qw: Game counter: 7216
     0 | D:1      | 0 ||| qw: Always use a shield: true
     0 | D:1      | 0 ||| qw: God list: Okawaru
     0 | D:1      | 0 ||| qw: Allow faded altars: false
     0 | D:1      | 0 ||| qw: Do Orc after D:15 true
     0 | D:1      | 0 ||| qw: Do second Lair branch before Depths: true
     0 | D:1      | 0 ||| qw: Lair rune preference: random
     0 | D:1      | 0 ||| qw: Plans: Normal, Zot, God:TSO, Crypt, Tomb, Zig,
                  | Orb
     0 | D:1      | 0 ||| PLANNING D:1-11
    20 | D:1      | Found Hecuhet's Magic Scroll Shoppe.
    28 | D:1      | 28 ||| SHOPLISTING scroll of identify (28 gold, have 0).
    28 | D:1      | 28 ||| SHOPLISTING scroll of teleportation (42 gold, have
                  | 0).
   353 | D:1      | Reached skill level 2 in Axes
   449 | D:1      | Reached XP level 2. HP: 19/19 MP: 2/2
   481 | D:1      | Found Wuer Gel's Jewellery Emporium.
   487 | D:1      | 487 ||| SHOPLISTING +6 ring of dexterity (504 gold, have
                  | 0).
   487 | D:1      | 487 ||| SHOPLISTING +6 ring of strength (504 gold, have 0).
   487 | D:1      | 487 ||| SHOPLISTING amulet of guardian spirit (420 gold,
                  | have 0).
   487 | D:1      | 487 ||| SHOPLISTING ring of fire (350 gold, have 0).
   487 | D:1      | 487 ||| SHOPLISTING ring of resist corrosion (280 gold,
                  | have 0).
   487 | D:1      | 487 ||| SHOPLISTING ring of willpower (350 gold, have 0).
   650 | D:1      | Found Gefu's Antique Weapon Shop.
   704 | D:1      | 704 ||| DROPPING +2 hand axe of venom.
  1135 | D:1      | Found Toekk's Antique Weapon Emporium.
  1142 | D:1      | 1142 ||| SHOPLISTING mace (78 gold, have 26).
  1142 | D:1      | 1142 ||| SHOPLISTING whip (65 gold, have 26).
  1322 | D:1      | Found a faded altar of an unknown god.
  1326 | D:1      | 1326 ||| DROPPING +3 leather armour.
  1327 | D:1      | 1327 ||| READING scroll labelled ENKA MIGIESYKH.
  1374 | D:1      | 1374 ||| READING scroll labelled BEUQATT FEUVADEWEPH.
  1375 | D:1      | 1375 ||| READING scroll labelled XUALYLL SITWOMM.
  1376 | D:1      | 1376 ||| READING scroll labelled SOGAUV TURPHAFYPN.
  1377 | D:1      | 1377 ||| READING scroll labelled MULIRIURID.
  1464 | D:2      | Reached skill level 3 in Axes
  1635 | D:2      | Reached XP level 3. HP: 23/23 MP: 3/3
  1862 | D:2      | Reached XP level 4. HP: 21/28 MP: 4/4
  2381 | D:2      | 2381 ||| UPGRADING to +0 pair of boots.
  2386 | D:2      | 2386 ||| UPGRADING to amulet of regeneration.
  2391 | D:2      | 2391 ||| READING scroll labelled LATAKLISET.
  2392 | D:2      | 2392 ||| READING 2 scrolls labelled HATAFELUCY.
  2393 | D:2      | 2393 ||| READING scroll labelled MIRPHU ATO TAIKER.
  2394 | D:2      | 2394 ||| DRINKING 2 fuming silvery potions.
  2512 | D:3      | Reached skill level 4 in Axes
  2526 | D:3      | Noticed Robin
  2527 | D:3      | 2527 ||| Stepping ~*~*~tactically~*~*~ (stealth).
  2540 | D:3      | 2540 ||| Stepping ~*~*~tactically~*~*~ (stealth).
  2543 | D:3      | 2543 ||| Stepping ~*~*~tactically~*~*~ (stealth).
  2544 | D:3      | 2544 ||| Stepping ~*~*~tactically~*~*~ (stealth).
  2548 | D:3      | 2548 ||| Stepping ~*~*~tactically~*~*~ (stealth).
  2555 | D:3      | 2555 ||| Stepping ~*~*~tactically~*~*~ (hiding).
  2570 | D:3      | Killed Robin
  2650 | D:3      | 2650 ||| DROPPING +0 club.
  2690 | D:3      | Noticed Sigmund
  2697 | D:3      | Killed Sigmund
  2698 | D:3      | Reached skill level 5 in Axes
  2698 | D:3      | Reached XP level 5. HP: 23/32 MP: 5/5
  2698 | D:3      | Reached XP level 6. HP: 26/37 MP: 6/6
  3101 | D:3      | 3101 ||| UPGRADING to +0 helmet.
  3106 | D:3      | 3106 ||| UPGRADING to +0 chain mail.
  3116 | D:3      | 3116 ||| DROPPING +0 scale mail.
  3117 | D:3      | 3117 ||| UPGRADING to amulet of reflection.
  3127 | D:3      | 3127 ||| DROPPING amulet of regeneration.
  3128 | D:3      | 3128 ||| UPGRADING to +6 ring of dexterity.
  3129 | D:3      | 3129 ||| READING scroll labelled YRCHUO NOGOGHIG.
  3132 | D:3      | 3132 ||| DRINKING 2 smoky puce potions.
  3211 | D:4      | Found Kall's Book Shoppe.
  3229 | D:4      | Found a transporter.
  3230 | D:4      | Found a transporter.
  3230 | D:4      | Noticed qw's ghost (novice GrFi)
  3232 | D:4      | Identified the +9 great mace "Loopy" {vorpal, Str+2 Int+4}
  3238 | D:4      | Found Puores's Distillery.
  3239 | D:4      | 3239 ||| Stepping ~*~*~tactically~*~*~ (hiding).
  3256 | D:4      | Reached skill level 1 in Dodging
  3293 | D:4      | 3293 ||| BUYING 2 potions of lignification (72 gold).
  3293 | D:4      | Bought 2 potions of lignification for 72 gold pieces
  3293 | D:4      | 3293 ||| BUYING potion of attraction (36 gold).
  3293 | D:4      | Bought a potion of attraction for 36 gold pieces
  3293 | D:4      | 3293 ||| SHOPLISTING potion of cancellation (96 gold, have
                  | 43).
  3293 | D:4      | 3293 ||| BUYING potion of curing (36 gold).
  3293 | D:4      | Bought a potion of curing for 36 gold pieces
  3293 | D:4      | 3293 ||| SHOPLISTING potion of lignification (36 gold, have
                  | 7).
  3383 | D:4      | 3383 ||| Stepping ~*~*~tactically~*~*~ (stealth).
  3384 | D:4      | 3384 ||| Stepping ~*~*~tactically~*~*~ (stealth).
  3385 | D:4      | 3385 ||| Stepping ~*~*~tactically~*~*~ (stealth).
  3409 | D:4      | 3409 ||| Stepping ~*~*~tactically~*~*~ (hiding).
  3418 | D:4      | Reached skill level 6 in Axes
  3418 | D:4      | Reached XP level 7. HP: 25/43 MP: 7/7
  3614 | D:4      | Found a staircase to the Ecumenical Temple.
  3615 | D:4      | 3615 ||| PLANNING TEMPLE
  3615 | D:4      | 3615 ||| Stepping ~*~*~tactically~*~*~ (hiding).
  3642 | D:4      | 3642 ||| FLEEEEING.
  3643 | D:4      | 3643 ||| FLEEEEING.
  3644 | D:4      | 3644 ||| FLEEEEING.
  3645 | D:4      | 3645 ||| FLEEEEING.
  3647 | D:4      | 3647 ||| FLEEEEING.
  3648 | D:4      | 3648 ||| FLEEEEING.
  3652 | D:4      | 3652 ||| FLEEEEING.
  3653 | D:4      | 3653 ||| FLEEEEING.
  3654 | D:4      | 3654 ||| FLEEEEING.
  3655 | D:4      | 3655 ||| FLEEEEING.
  3656 | D:4      | 3656 ||| FLEEEEING.
  3657 | D:4      | 3657 ||| FLEEEEING.
  3658 | D:4      | 3658 ||| FLEEEEING.
  3659 | D:4      | 3659 ||| FLEEEEING.
  3660 | D:4      | 3660 ||| FLEEEEING.
  3661 | D:4      | 3661 ||| FLEEEEING.
  3662 | D:4      | 3662 ||| FLEEEEING.
  3663 | D:4      | 3663 ||| FLEEEEING.
  3664 | D:4      | 3664 ||| FLEEEEING.
  3665 | D:4      | 3665 ||| FLEEEEING.
  3666 | D:4      | 3666 ||| FLEEEEING.
  3667 | D:4      | 3667 ||| FLEEEEING.
  3668 | D:4      | 3668 ||| FLEEEEING.
  3669 | D:4      | 3669 ||| FLEEEEING.
  3673 | D:4      | 3673 ||| FLEEEEING.
  3674 | D:4      | 3674 ||| FLEEEEING.
  3675 | D:4      | 3675 ||| FLEEEEING.
  3677 | D:4      | 3677 ||| FLEEEEING.
  3678 | D:4      | 3678 ||| FLEEEEING.
  3679 | D:4      | 3679 ||| STAIRDANCE
  3777 | D:3      | 3777 ||| READING scroll labelled ACIUTUVETO.
  3778 | D:3      | 3778 ||| READING 2 scrolls of identify.
  3778 | D:3      | 3778 ||| IDENTIFYING white potion
  3841 | Temple   | Entered the Ecumenical Temple
  3852 | Temple   | Became a worshipper of Warmaster Okawaru
  3855 | Temple   | 3855 ||| PLANNING D:1-11
  3884 | D:4      | Found Uturghutsi's Antique Armour Shoppe.
  3893 | D:4      | 3893 ||| READING scroll of enchant armour.
  3893 | D:4      | 3893 ||| ENCHANTING +0 helmet.
  3904 | D:4      | 3904 ||| SHOPLISTING pair of gloves (139 gold, have 60).
  3904 | D:4      | 3904 ||| SHOPLISTING plate armour (713 gold, have 60).
  3904 | D:4      | 3904 ||| SHOPLISTING shiny chain mail (232 gold, have 60).
  3904 | D:4      | 3904 ||| SHOPLISTING twisted plate armour (868 gold, have
                  | 60).
  4149 | D:4      | Reached skill level 7 in Axes
  4364 | D:4      | 4364 ||| READING scroll of enchant armour.
  4364 | D:4      | 4364 ||| ENCHANTING +1 helmet.
  4520 | D:4      | 4520 ||| READING 2 scrolls of identify.
  4520 | D:4      | 4520 ||| IDENTIFYING orange potion
  4521 | D:4      | 4521 ||| DROPPING potion of flight.
  4543 | D:5      | Entered Level 5 of the Dungeon
  4546 | D:5      | Found a shimmering altar of Xom.
  4613 | D:5      | Identified the +1 rapier "Xeprun" {venom, Int+4 Dex+4}
  4671 | D:5      | Found a glowing silver altar of Zin.
  4672 | D:5      | Found a hide-covered altar of Uskayaw.
  4972 | D:5      | 4972 ||| Stepping ~*~*~tactically~*~*~ (hiding).
  4978 | D:5      | Reached XP level 8. HP: 49/49 MP: 8/8
  5001 | D:5      | 5001 ||| Stepping ~*~*~tactically~*~*~ (stealth).
  5004 | D:5      | 5004 ||| Stepping ~*~*~tactically~*~*~ (hiding).
  5005 | D:5      | 5005 ||| Stepping ~*~*~tactically~*~*~ (hiding).
  5089 | D:5      | 5089 ||| Stepping ~*~*~tactically~*~*~ (stealth).
  5154 | D:5      | 5154 ||| Stepping ~*~*~tactically~*~*~ (hiding).
  5156 | D:5      | 5156 ||| Stepping ~*~*~tactically~*~*~ (hiding).
  5182 | D:5      | 5182 ||| Stepping ~*~*~tactically~*~*~ (hiding).
  5614 | D:5      | 5614 ||| UPGRADING to +0 kite shield.
  5624 | D:5      | 5624 ||| DROPPING +0 buckler.
  5625 | D:5      | 5625 ||| DRINKING 2 bubbling cyan potions.
  5688 | D:6      | Reached * piety under Okawaru
  5753 | D:6      | 5753 ||| INVOKING Heroism.
  5755 | D:6      | 5755 ||| Stepping ~*~*~tactically~*~*~ (stealth).
  5809 | D:6      | 5809 ||| Stepping ~*~*~tactically~*~*~ (stealth).
  5811 | D:6      | 5811 ||| Stepping ~*~*~tactically~*~*~ (stealth).
  5813 | D:6      | 5813 ||| Stepping ~*~*~tactically~*~*~ (hiding).
  5901 | D:6      | 5901 ||| Stepping ~*~*~tactically~*~*~ (hiding).
  5908 | D:6      | 5908 ||| INVOKING Heroism.
  5916 | D:6      | 5916 ||| Stepping ~*~*~tactically~*~*~ (stealth).
  6065 | D:6      | 6065 ||| FLEEEEING.
  6067 | D:6      | 6067 ||| Stepping ~*~*~tactically~*~*~ (hiding).
  6074 | D:6      | 6074 ||| INVOKING Heroism.
  6093 | D:6      | 6093 ||| INVOKING Heroism.
  6096 | D:6      | Reached skill level 1 in Invocations
  6098 | D:6      | Reached skill level 6 in Shields
  6101 | D:6      | Reached XP level 9. HP: 36/54 MP: 6/10
  6374 | D:6      | Found a large runed translucent door.
  6430 | D:6      | Noticed Blork the orc
  6431 | D:6      | 6431 ||| Stepping ~*~*~tactically~*~*~ (hiding).
  6435 | D:6      | 6435 ||| INVOKING Heroism.
  6444 | D:6      | Killed Blork the orc
  6473 | D:6      | 6473 ||| Stepping ~*~*~tactically~*~*~ (stealth).
  6475 | D:6      | 6475 ||| Stepping ~*~*~tactically~*~*~ (stealth).
  6476 | D:6      | 6476 ||| Stepping ~*~*~tactically~*~*~ (stealth).
  6726 | D:6      | Found a large runed translucent door.
  6727 | D:6      | Noticed qw's ghost (novice GrFi)
  6765 | D:6      | 6765 ||| UPGRADING to +0 plate armour.
  6775 | D:6      | 6775 ||| DROPPING +0 chain mail.
  6776 | D:6      | 6776 ||| READING scroll labelled LEWKINAZXI.
  6777 | D:6      | 6777 ||| READING 2 scrolls labelled DEECHU CIQAMO.
  6778 | D:6      | 6778 ||| DROPPING scroll of poison.
  6859 | D:7      | 6859 ||| Stepping ~*~*~tactically~*~*~ (hiding).
  6860 | D:7      | 6860 ||| Stepping ~*~*~tactically~*~*~ (hiding).
  6861 | D:7      | 6861 ||| INVOKING Heroism.
  6863 | D:7      | Reached skill level 3 in Invocations
  6972 | D:7      | 6972 ||| Stepping ~*~*~tactically~*~*~ (stealth).
  7026 | D:7      | 7026 ||| Stepping ~*~*~tactically~*~*~ (hiding).
  7197 | D:7      | 7197 ||| INVOKING Heroism.
  7200 | D:7      | Reached skill level 8 in Axes
  7341 | D:7      | 7341 ||| INVOKING Heroism.
  7519 | D:7      | 7519 ||| Stepping ~*~*~tactically~*~*~ (hiding).
  7522 | D:7      | 7522 ||| INVOKING Heroism.
  7656 | D:7      | 7656 ||| UPGRADING to ring of protection from fire.
  7657 | D:7      | 7657 ||| READING scroll labelled CAITIL EMIUCLY.
  7658 | D:7      | 7658 ||| READING 5 scrolls of identify.
  7658 | D:7      | 7658 ||| IDENTIFYING cyan potion
  7659 | D:7      | 7659 ||| READING 4 scrolls of identify.
  7659 | D:7      | 7659 ||| IDENTIFYING bubbling golden potion
  7696 | D:8      | 7696 ||| Stepping ~*~*~tactically~*~*~ (hiding).
  7698 | D:8      | You fall into a shaft and drop 2 floors!
  7698 | D:10     | Entered Level 10 of the Dungeon
  7871 | D:10     | Found a broken altar of Ashenzari.
  7916 | D:10     | Noticed a troll
  7917 | D:10     | 7917 ||| INVOKING Heroism.
  7922 | D:10     | Reached ** piety under Okawaru
  7923 | D:10     | Reached skill level 6 in Fighting
  7930 | D:10     | Killed a troll
  7956 | D:10     | Noticed Amaemon
  7957 | D:10     | 7957 ||| Stepping ~*~*~tactically~*~*~ (stealth).
  7959 | D:10     | Noticed an orange demon
  7960 | D:10     | 7960 ||| Stepping ~*~*~tactically~*~*~ (hiding).
  7963 | D:10     | 7963 ||| INVOKING Heroism.
  7974 | D:10     | Killed an orange demon
  8168 | D:10     | Noticed a gargoyle
  8169 | D:10     | 8169 ||| Stepping ~*~*~tactically~*~*~ (hiding).
  8171 | D:10     | 8171 ||| Stepping ~*~*~tactically~*~*~ (hiding).
  8173 | D:10     | 8173 ||| Stepping ~*~*~tactically~*~*~ (hiding).
  8177 | D:10     | Killed a gargoyle
  8177 | D:10     | Reached *** piety under Okawaru
  8178 | D:10     | Reached XP level 10. HP: 60/60 MP: 13/13
  8278 | D:10     | 8278 ||| UPGRADING to ring of see invisible.
  8305 | D:8      | 8305 ||| INVOKING Heroism.
  8331 | D:8      | 8331 ||| INVOKING Heroism.
  8366 | D:8      | 8366 ||| Stepping ~*~*~tactically~*~*~ (hiding).
  8367 | D:8      | 8367 ||| Stepping ~*~*~tactically~*~*~ (hiding).
  8376 | D:8      | Reached skill level 9 in Axes
  8383 | D:8      | Received a gift from Okawaru
  8385 | D:8      | 8385 ||| INVOKING Heroism.
  8453 | D:8      | 8453 ||| INVOKING Heroism.
  8462 | D:8      | Reached skill level 6 in Armour
  8478 | D:8      | 8478 ||| Stepping ~*~*~tactically~*~*~ (stealth).
  8499 | D:8      | 8499 ||| INVOKING Heroism.
  8637 | D:8      | Found a staircase to the Lair.
  8669 | D:8      | 8669 ||| INVOKING Heroism.
  8680 | D:8      | 8680 ||| DRINKING 7 potions of curing.
  8680 | D:8      | 8680 ||| (to cure confusion)
  8823 | D:8      | Identified the +9 broad axe of Intimidation {speed, *Rage
                  | Will++}
  8825 | D:8      | 8825 ||| DROPPING +9 broad axe of Intimidation {speed,
                  | *Rage Will++}.
  9083 | D:8      | 9083 ||| PLANNING LAIR
  9138 | Lair:1   | Entered Level 1 of the Lair of Beasts
  9156 | Lair:1   | Found a dark tunnel.
  9281 | Lair:1   | Noticed a four-headed hydra
  9282 | Lair:1   | 9282 ||| INVOKING Heroism.
  9283 | Lair:1   | 9283 ||| SWAPPING to +4 flail.
  9287 | Lair:1   | 9287 ||| Stepping ~*~*~tactically~*~*~ (outnumbered).
  9290 | Lair:1   | 9290 ||| Stepping ~*~*~tactically~*~*~ (outnumbered).
  9296 | Lair:1   | HP: 10/61 [four-headed hydra (6)]
  9296 | Lair:1   | HP: 4/61 [four-headed hydra (6)]
  9297 | Lair:1   | 9297 ||| READING 4 scrolls of teleportation.
  9298 | Lair:1   | Slain by a blink frog

Levels and vault maps discovered:
D:1:      spicycebolla_green_bress_n_ham_2, layout_basic,
          shapermc_ecumenical_altar_petra, serial_shops, shop,
          nicolae_diamond_shop, shop, nicolae_shop_overgrown_old_shop
D:2:      layout_basic
D:3:      layout_rooms, kennysheep_cluttered_room, grunt_ministairs_7,
          wander_ebering_terrifying_dragon_lair, uniq_sigmund, uniq_robin
D:4:      minmay_octagon_keep, layout_basic, minmay_temple_entry_sparse_star,
          gammafunk_ghost_smash, serial_shops, nicolae_shop_waterfront,
          nicolae_shop_hallway_stairs, nicolae_shop_trees,
          dreamdust_mushroom_princess
D:5:      minmay_spotlight, layout_basic, amcnicky_altar_gilded,
          gammafunk_temple_overflow_statue
D:6:      layout_loops_ring, ebering_ghost_disaster_area, hex_tiny,
          minivault_23, hellmonk_bongcloud_opening, minmay_misc_feat_cross,
          uniq_blork_the_orc
D:7:      kennysheep_six_static_rooms, layout_rooms
D:8:      layout_loops_cross, grunt_lair_entry_orc_guard_hut
D:9:      layout_rooms, kennysheep_mini, trog_butcher_becter, serial_shops,
          shop, nicolae_shop_advertising_works [nicolae_subvault_shop_adworks],
          nicolae_shop_bloodbath_and_beyond, hangedman_corner_corridor
D:10:     layout_basic, ashenzari_conservatory_becter, uniq_amaemon,
          uniq_maurice
Temple:   lightli_temple_of_artemis
Lair:1:   layout_loops_ring, nicolae_volcano_entry_s_turn, lemuel_fruit_fields,
          uniq_erica

Skill      XL: |  1  2  3  4  5  6  7  8  9 10 |
---------------+-------------------------------+-----
Axes           | 2 3 5 6 7 8 9 |  9.0
Dodging        | 1 |  1.2
Fighting       | 4 5 6 |  6.8
Armour         | 4 5 6 |  6.3
Throwing       | 2 |  2.7
Shields        | 6 8 |  8.7
Invocations    | 1 4 |  4.1

Action                   |  1- 3 |  4- 6 |  7- 9 | 10-12 || total
-------------------------+-------+-------+-------+-------++-------
Melee: War axe           |   117 |   124 |   353 |   103 ||   697
       Flail             |       |       |       |    12 ||    12
Throw: Boomerang         |       |       |    11 |       ||    11
       Javelin           |       |       |       |     5 ||     5
Invok: Heroism           |       |       |    11 |     7 ||    18
  Use: Scroll            |     5 |     4 |    10 |     1 ||    20
       Potion            |       |     2 |     1 |     1 ||     4
 Stab: Distracted        |       |       |     1 |       ||     1
Armor: Scale mail        |    75 |    32 |       |       ||   107
       Chain mail        |       |    31 |   122 |       ||   153
       Plate armour      |       |       |    41 |    62 ||   103
Dodge: Dodged            |    59 |    38 |    72 |    21 ||   190
Block: Buckler           |    20 |    29 |    72 |       ||   121
       Kite shield       |       |       |   148 |   107 ||   255
       Reflection        |       |       |    10 |       ||    10

Table legend:
 A = Non-vault XP
 B = Vault XP
 C = Vault XP percentage of total XP
 D = Non-vault monster count
 E = Vault monster count
 F = Vault count percentage of total count
                 A         B        C        D         E       F
            +---------+---------+-------+---------+---------+-------
      Total |    4564 |    2465 |  35.1 |     147 |      46 |  23.8
            +---------+---------+-------+---------+---------+-------
        D:1 |      28 |       0 |   0.0 |      19 |       0 |   0.0
        D:2 |      66 |       0 |   0.0 |      18 |       0 |   0.0
        D:3 |      21 |     256 |  92.4 |      11 |      17 |  60.7
        D:4 |     336 |     260 |  43.6 |      24 |      11 |  31.4
        D:5 |     548 |     186 |  25.3 |      17 |       5 |  22.7
        D:6 |     673 |      99 |  12.8 |      19 |       1 |   5.0
        D:7 |     649 |     434 |  40.1 |      10 |       6 |  37.5
        D:8 |    1031 |     831 |  44.6 |      24 |       5 |  17.2
       D:10 |    1059 |     399 |  27.4 |       4 |       1 |  20.0
     Lair:1 |     153 |       0 |   0.0 |       1 |       0 |   0.0
            +---------+---------+-------+---------+---------+-------
